[Event "Austrian Bundesliga 2023-24"]
[Site "Austria"]
[Date "2024.03.24"]
[Round "11.15"]
[White "Votava, Jan"]
[Black "Berchtenbreiter, Maximilian"]
[Result "1-0"]
[ECO "A43"]
[WhiteElo "2441"]
[BlackElo "2486"]
[Annotator "TA"]
[PlyCount "99"]
[EventDate "2023.10.21"]
[EventType "team-tourn"]
[EventCountry "AUT"]
[SourceTitle "playchess.com"]
[Source "ChessBase"]
[SourceQuality "1"]
[TimeControl "40/5400+30:1800+30"]

1. d4 g6 2. c4 Bg7 3. Nc3 c5 4. d5 Bxc3+ 5. bxc3 f5 6. e4 fxe4 7. f3 e5 {[%emt 0:05:04] A40: Unusual replies to 1 d4.} 8. Qc2 (8. fxe4 $6 Qh4+ 9. g3 Qxe4+ 10. Qe2 Qxe2+ (10... Qxh1 $2 11. Qxe5+ Kf7 12. Qxh8 $18) 11. Bxe2 d6 $15) (8. Nh3 $16) 8... d6 9. fxe4 Nf6 10. Be2 $146 ({Predecessor:} 10. Nf3 Bg4 11. Be2 Bxf3 12. Bxf3 h5 13. O-O Nbd7 14. Bg5 O-O 15. Rf2 Qe7 16. Rb1 {1-0 Walczak,P (2469)-Zlotkowski,A (2452) ICCF GMN/019 email 2009}) 10... O-O (10... h6 $14) 11. Nf3 (11. Bh6 $16) 11... Bg4 (11... Kg7 $1 $14) 12. O-O Bxf3 13. Rxf3 (13. gxf3 Nh5 $17) 13... Kg7 14. Bg5 h6 15. Bxf6+ ({White should play} 15. Bd2 $16) 15... Rxf6 $11 16. Rxf6 Qxf6 17. Bg4 Qd8 (17... Na6 $11 {keeps the balance.}) 18. Rb1 $16 b6 19. Qa4 $1 a5 20. Qb5 Ra6 (20... h5 $16 21. Be6 (21. Qxb6 Qxb6 22. Rxb6 hxg4 $17) 21... Na6) 21. Be6 $18 h5 22. Kh1 Kh6 23. Kg1 Kg7 $1 24. Kh1 Kh6 $1 25. h3 $1 Kg7 (25... a4 $142 26. a3 Ra8 27. Qxb6 Na6 28. Qxd8 Rxd8) 26. Kg1 $18 Kh6 27. Kh2 Kg7 28. Kh1 Qf8 29. Kg1 {[%emt 0:01:27] Hoping for Rf1.} Qd8 30. Kh2 Qf8 (30... h4 {was called for.} 31. Rf1 Ra7) 31. a3 Qd8 32. Kg1 a4 33. Kh2 Qf8 (33... Kh6 $142 34. Kh1 Kh7) 34. Kh1 Qd8 35. Kh2 Qf8 $1 36. Kh1 Qd8 $1 37. Kg1 h4 38. Kh2 (38. Rf1 $18 Ra7 39. Qb2) 38... Qf8 $2 (38... Kh7 $16 39. Kg1 Kg7) 39. Kh1 {[%emt 0:00:47] Qb2 is the strong threat.} Qd8 40. Kg1 Kh6 {[%emt 0:00:00] [#]} 41. Bf7 $2 (41. Kh2 $1 $18) 41... Ra7 $11 42. Qe8 Qxe8 43. Bxe8 Nd7 {[%emt 0:00:10] [#]} (43... Re7 $1 $14 44. Bxa4 Ra7) 44. Rf1 $1 $18 {[%emt 0:05:53] Rf7 would now be deadly.} (44. Bxd7 Rxd7 45. Kf2 (45. Rxb6 $2 {is the wrong capture.} Kg5 $19) 45... Rf7+ 46. Ke2 Rb7 $11) 44... Kg5 $2 (44... b5 45. Bxd7 (45. cxb5 Nb6 $18) 45... Rxd7) 45. Rf7 $18 Nf6 46. Rxa7 Nxe8 47. Kf2 Kf4 48. Rf7+ Kxe4 49. Ke2 g5 50. Kd2 1-0

[Event "Austrian Bundesliga 2023-24"]
[Site "Austria"]
[Date "2024.03.24"]
[Round "11.16"]
[White "Hess, Max"]
[Black "Lanka, Zigurds"]
[Result "1/2-1/2"]
[ECO "A38"]
[WhiteElo "2392"]
[BlackElo "2357"]
[Annotator "RC"]
[PlyCount "81"]
[EventDate "2023.10.21"]
[EventType "team-tourn"]
[EventCountry "AUT"]
[SourceTitle "playchess.com"]
[Source "ChessBase"]
[SourceQuality "1"]
[TimeControl "40/5400+30:1800+30"]

1. c4 c5 2. Nf3 Nf6 3. g3 g6 4. Bg2 Bg7 5. O-O O-O 6. Nc3 Nc6 7. d3 d6 8. a3 a6 9. Rb1 Rb8 10. b4 cxb4 11. axb4 b5 12. cxb5 axb5 13. Bg5 Be6 14. Qd2 Qd7 15. Rfc1 Rfc8 16. Bh6 Bh3 17. Bh1 Bg4 18. Bxg7 Kxg7 19. Qb2 e5 20. Nd1 Bxf3 21. Bxf3 Nd4 22. Bg2 Rxc1 23. Rxc1 Rc8 24. Kf1 Rxc1 25. Qxc1 Qa7 26. e3 Ne6 27. Nc3 Nc7 28. Qb2 Nd7 29. Bc6 Nb8 30. Bf3 Nd7 31. h4 Nf6 32. Qb3 h5 33. Qa2 Qxa2 34. Nxa2 Nfd5 35. Ke2 Ne7 36. Kd2 f5 37. Nc3 Kf6 38. d4 e4 39. Be2 Nc6 40. Nxb5 Nxb5 41. Bxb5 1/2-1/2

[Event "Austrian Bundesliga 2023-24"]
[Site "Austria"]
[Date "2024.03.24"]
[Round "11.17"]
[White "Maiwald, Jens-Uwe"]
[Black "Kruckenhauser, Arthur"]
[Result "1/2-1/2"]
[ECO "B23"]
[WhiteElo "2438"]
[BlackElo "2355"]
[Annotator "RC"]
[PlyCount "146"]
[EventDate "2023.10.21"]
[EventType "team-tourn"]
[EventCountry "AUT"]
[SourceTitle "playchess.com"]
[Source "ChessBase"]
[SourceQuality "1"]
[TimeControl "40/5400+30:1800+30"]

1. e4 c5 2. Nc3 d6 3. f4 g6 4. Nf3 Bg7 5. Bb5+ Bd7 6. a4 Nc6 7. O-O Nf6 8. d3 O-O 9. Be3 a6 10. Bxc6 Bxc6 11. Qe1 b5 12. axb5 axb5 13. Rxa8 Qxa8 14. Qh4 b4 15. Nd1 Qa4 16. b3 Qa2 17. Ne1 Qa7 18. Nf3 Qa2 19. Ne1 Qa7 20. Nf3 Qd7 21. Nf2 Ra8 22. f5 Ra2 23. fxg6 fxg6 24. Rc1 Bb7 25. Nd2 Qe6 26. Nf3 Bc8 27. h3 Qd7 28. Bh6 Bh8 29. Bg5 Qe6 30. Kh1 Bg7 31. Bh6 Bh8 32. Be3 Nh5 33. Ng4 Bg7 34. Ng5 Qd7 35. Rf1 Rxc2 36. Nf7 Bf6 37. Nfh6+ Kg7 38. Nxf6 exf6 39. g4 Re2 40. Rf3 Qe7 41. gxh5 g5 42. Qg3 Kxh6 43. h4 Kxh5 44. hxg5 fxg5 45. Rf7 Qe5 46. Qf3+ Kg6 47. Qxe2 Kxf7 48. Qh5+ Kg7 49. Bxg5 Qe6 50. Bf4 Qf6 51. Qh2 Bg4 52. Qg3 h5 53. Bxd6 Qf1+ 54. Kh2 Qe2+ 55. Kg1 Qd1+ 56. Kh2 Qxb3 57. Qe5+ Kg6 58. Qe8+ Qf7 59. Qxf7+ Kxf7 60. Bxc5 b3 61. Ba3 h4 62. d4 Ke6 63. Kg2 Kf6 64. Bc1 Bc8 65. Kf3 Bd7 66. Kf4 h3 67. Kg3 Ke7 68. Ba3+ Kd8 69. d5 Kc7 70. e5 Bf5 71. e6 Kd8 72. Kh2 Ke8 73. Kg3 Kd8 1/2-1/2

[Event "Austrian Bundesliga 2023-24"]
[Site "Austria"]
[Date "2024.03.24"]
[Round "11.18"]
[White "Ciolek, Andreas"]
[Black "Platzgummer, Fabian"]
[Result "1/2-1/2"]
[ECO "D11"]
[WhiteElo "2302"]
[BlackElo "2304"]
[Annotator "RC"]
[PlyCount "123"]
[EventDate "2023.10.21"]
[EventType "team-tourn"]
[EventCountry "AUT"]
[SourceTitle "playchess.com"]
[Source "ChessBase"]
[SourceQuality "1"]
[TimeControl "40/5400+30:1800+30"]

1. d4 d5 2. c4 c6 3. Nf3 Nf6 4. Qc2 g6 5. Bf4 Bg7 6. e3 O-O 7. Nc3 Bf5 8. Qb3 Qb6 9. h3 dxc4 10. Bxc4 Qxb3 11. Bxb3 Na6 12. g4 Be4 13. Nxe4 Nxe4 14. Ke2 Nb4 15. Rhd1 Rfd8 16. Ne5 e6 17. f3 Nf6 18. Rac1 Nbd5 19. Bg3 Bh6 20. Bf2 Nd7 21. Nd3 Bf8 22. a3 Bd6 23. h4 Rac8 24. Rc2 h6 25. Ba2 g5 26. Rh1 Kg7 27. hxg5 hxg5 28. Rh5 Kg6 29. Rc1 N7f6 30. Rh3 Rh8 31. Rch1 Kg7 32. Rxh8 Rxh8 33. Rxh8 Kxh8 34. e4 Nf4+ 35. Nxf4 Bxf4 36. d5 cxd5 37. exd5 Nxd5 38. Bxa7 Be5 39. Bxd5 exd5 40. Kd3 Kg7 41. Bd4 f6 42. a4 Kf7 43. b4 Ke6 44. a5 Kd7 45. b5 Kc7 46. Bc5 Kb8 47. a6 Ka8 48. Kc2 Bc7 49. Bd4 Be5 50. Kc3 Kb8 51. a7+ Ka8 52. Bxe5 fxe5 53. b6 d4+ 54. Kd2 d3 55. Kc3 e4 56. f4 e3 57. Kxd3 e2 58. Kd2 e1=Q+ 59. Kxe1 gxf4 60. g5 f3 61. g6 f2+ 62. Kf1 1/2-1/2

[Event "Austrian Bundesliga 2023-24"]
[Site "Austria"]
[Date "2024.03.24"]
[Round "11.19"]
[White "Brkic, Ante"]
[Black "Georgiadis, Nico"]
[Result "1-0"]
[ECO "B90"]
[WhiteElo "2633"]
[BlackElo "2537"]
[Annotator "TA"]
[PlyCount "73"]
[EventDate "2023.10.21"]
[EventType "team-tourn"]
[EventCountry "AUT"]
[SourceTitle "playchess.com"]
[Source "ChessBase"]
[SourceQuality "1"]
[TimeControl "40/5400+30:1800+30"]

1. e4 c5 2. Nf3 d6 3. d4 cxd4 4. Nxd4 Nf6 5. Nc3 a6 6. Be3 e5 7. Nb3 Be6 8. f3 Nbd7 9. g4 Nb6 10. g5 Nh5 11. Qd2 Rc8 12. O-O-O Be7 13. Kb1 {[%emt 0:00:07] White is slightly better.} Qc7 14. Qf2 Nc4 15. Bxc4 Qxc4 16. Nd5 Bxd5 17. Rxd5 O-O 18. Rg1 g6 19. Qd2 f6 20. gxf6 Nxf6 21. Rd3 Qe6 22. Bg5 Rc7 23. Nc1 Rc6 24. Bxf6 Rxf6 25. Ne2 Qh3 {[%emt 0:05:29] [#]} ({Black should play} 25... Rc8 $14) 26. f4 $1 $16 Qxh2 27. f5 Bd8 {[%emt 0:07:27] This move loses the game for Black.} (27... d5 $16) 28. Rdg3 {[%emt 0:03:00][%cal Od2d1] Strongly threatening Qd1!} Kg7 $2 (28... Bb6 {might work better.}) 29. Qd3 $18 {[%emt 0:03:21] Rh3 is the strong threat.} Bb6 30. Rf1 Kh8 31. Rh3 Qg2 32. Rfh1 Rc7 33. Nc3 {[%emt 0:04:45][%cal Be2c3,Bc3d5,Bd5f4][%mdl 32] [#] Hoping for Nd5.} gxf5 34. Nd5 $40 {[%emt 0:00:45][%mdl 128] White attacks with force.} Rg6 (34... fxe4 35. Qd1 Rf3) 35. a3 {[%emt 0:01:16][%cal Od5c7] White is clearly winning.} (35. Nxb6 $2 {perishes.} Rg3 36. Qd1 (36. Rxg3 $2 {is a self mate.} Qxh1+) (36. Qxg3 $2 Qxc2+ 37. Ka1 Qc1+ 38. Rxc1 Rxc1#) 36... Rxh3 $19) 35... fxe4 36. Qb3 Rf7 (36... Rcg7 $142 37. Qxb6 (37. Nxb6 Rg3 $16) 37... Rd7) 37. Nf4 {[%emt 0:01:32] Weighted Error Value: White=0.12 (very precise) /Black=0.35.  Mistake:       	---       	Black=5      Inaccurate:     	White=1     	Black=1      OK:         	White=16    	Black=11     Best:        	---       	Black=1} 1-0

[Event "Austrian Bundesliga 2023-24"]
[Site "Austria"]
[Date "2024.03.24"]
[Round "11.20"]
[White "Deuer, Marius"]
[Black "Martinovic, Sasa"]
[Result "1/2-1/2"]
[ECO "E48"]
[WhiteElo "2430"]
[BlackElo "2558"]
[Annotator "TA"]
[PlyCount "62"]
[EventDate "2023.10.21"]
[EventType "team-tourn"]
[EventCountry "AUT"]
[SourceTitle "playchess.com"]
[Source "ChessBase"]
[SourceQuality "1"]
[TimeControl "40/5400+30:1800+30"]

1. d4 Nf6 2. c4 e6 3. Nc3 Bb4 4. e3 O-O 5. Bd3 d5 6. cxd5 exd5 7. a3 Bd6 8. Qc2 c6 9. Nge2 Re8 10. Bd2 b6 11. f3 $1 c5 12. g4 {[%emt 0:00:10] And now g5 would win.} c4 13. Bf5 Bxf5 14. Qxf5 {[%emt 0:00:07][%cal Og4g5] aiming for g5!} g6 15. Qg5 Nc6 16. O-O Bf8 17. Qh4 h6 18. Qf2 Qd7 19. Qg2 Bg7 20. Kh1 b5 21. Rad1 {[%emt 0:03:26][%cal Oh2h3] The position is equal.} Rab8 22. g5 hxg5 {[%emt 0:01:33] ...a5 is the strong threat.} 23. e4 $1 dxe4 24. fxe4 Qg4 (24... Nxd4 $2 {loses.} 25. Bxg5 (25. Qxg5 $2 Nxe2 26. Nxe2 Nxe4 $19) (25. Be3 Qg4 $18) 25... Qg4 26. Qxg4 (26. Bxf6 Qxg2+ 27. Kxg2 Nxe2 $18) 26... Nxg4 27. Nxd4 $18) 25. Qxg4 Nxg4 26. Bxg5 Bh6 27. Bxh6 Nxh6 28. Nd5 {[%emt 0:01:44] Nf6+ would now be deadly.} Kg7 29. Nec3 b4 30. axb4 Nxb4 31. Nxb4 Rxb4 {[%emt 0:00:05] Weighted Error Value: White=0.03 (flawless) /Black=0.03 (flawless) .  Inaccurate:     	---       	Black=1      OK:         	White=11    	Black=13     Best:        	White=1     	Black=2      Strong:       	White=2     	---} 1/2-1/2

[Event "Austrian Bundesliga 2023-24"]
[Site "Austria"]
[Date "2024.03.24"]
[Round "11.21"]
[White "Livaic, Leon"]
[Black "Krassowizkij, Jaroslaw"]
[Result "1-0"]
[ECO "E06"]
[WhiteElo "2558"]
[BlackElo "2430"]
[Annotator "TA"]
[PlyCount "51"]
[EventDate "2023.10.21"]
[EventType "team-tourn"]
[EventCountry "AUT"]
[SourceTitle "playchess.com"]
[Source "ChessBase"]
[SourceQuality "1"]
[TimeControl "40/5400+30:1800+30"]

1. d4 d5 2. c4 e6 3. Nf3 Nf6 4. g3 Be7 5. Bg2 O-O 6. Nc3 dxc4 7. Ne5 Nc6 8. Bxc6 (8. Nxc4 Qxd4 (8... Nxd4 9. Bf4 $11) 9. Qb3 Qc5 $17) 8... bxc6 9. Nxc6 {[%emt 0:00:09] Excellent horsemanship.} Qe8 10. Nxe7+ {[%emt 0:00:06] White is slightly better.} Qxe7 11. Qa4 Nd5 12. Qxc4 a5 13. Bd2 (13. Nxd5 exd5 14. Qc5 (14. Qxd5 Re8 $11) 14... Qe6 $11) 13... Ba6 14. Qc5 Qd7 15. f3 (15. Qxa5 $2 Bb7 (15... Bxe2 16. Qc5 $17) 16. Qc5 (16. Qb5 $2 Bc6 $19) 16... Nxc3 $19) 15... Rfb8 16. b3 (16. Qxa5 $2 Bb5 $19 (16... Rxb2 17. Nxd5 Qxd5 18. Qxd5 $11) (16... Rxb2 17. Qa3 $11)) 16... Rb6 17. Rc1 (17. Qxa5 Bb7 18. Qc5 Rc6 $17) 17... Rc6 18. Qa3 (18. Qxa5 Qe8 19. e4 Bd3 $19) 18... Nb6 (18... Nb4 $14 19. Qxa5 (19. Be3 e5 $11) 19... Qxd4) 19. Ne4 ({Reject} 19. Qxa5 Bxe2 (19... Qxd4 20. Qg5 $14) 20. Qg5 f6 $15 (20... Bxf3 21. O-O $15)) 19... Rxc1+ 20. Qxc1 Qxd4 21. Bc3 (21. Qxc7 Qa1+ 22. Qc1 Qxa2 $17) 21... Qd5 22. Kf2 Rd8 (22... f6 $14) 23. Qf4 $40 {[%emt 0:03:00][%cal Of4g4][%mdl 128] [#] Hoping for Qg4! White has strong attack.} Qb5 24. Re1 {[%emt 0:01:25][%cal Oc3g7] Bxg7! would now be deadly. Active counter play!} h6 $2 (24... Qh5 $16) 25. Qg4 ({Weaker is} 25. Qxc7 Rc8 26. a4 Qxb3 $18) (25. Bxg7 $142 Kxg7 26. Qf6+ (26. Qxc7 $2 {too greedy.} Rc8 $19) 26... Kg8 27. Qxd8+ Kg7 28. Qxc7) 25... e5 {[%emt 0:00:18] [#]} 26. a4 $1 {[%emt 0:00:23] Weighted Error Value: White=0.26 (precise) /Black=0.53.  Loses game:     	---       	Black=1      Mistake:       	White=1     	Black=2      Inaccurate:     	---       	Black=2      OK:         	White=8     	Black=8      Best:        	---       	Black=1} 1-0

[Event "Austrian Bundesliga 2023-24"]
[Site "Austria"]
[Date "2024.03.24"]
[Round "11.22"]
[White "Richter, Nils"]
[Black "Bosiocic, Marin"]
[Result "1/2-1/2"]
[ECO "A06"]
[WhiteElo "2400"]
[BlackElo "2549"]
[Annotator "RC"]
[PlyCount "86"]
[EventDate "2023.10.21"]
[EventType "team-tourn"]
[EventCountry "AUT"]
[SourceTitle "playchess.com"]
[Source "ChessBase"]
[SourceQuality "1"]
[TimeControl "40/5400+30:1800+30"]

1. Nf3 d5 2. e3 Nf6 3. c4 e6 4. Nc3 Nbd7 5. b3 b6 6. Bb2 Bb7 7. cxd5 exd5 8. g3 d4 9. Nb5 dxe3 10. fxe3 a6 11. Nbd4 c5 12. Nc2 g6 13. Bg2 Bg7 14. O-O O-O 15. Qe2 a5 16. a4 Ba6 17. d3 Nd5 18. Bxg7 Kxg7 19. Nfe1 Ne5 20. Na3 Ra7 21. Nc4 Bxc4 22. dxc4 Nf6 23. Nc2 Re7 24. Rad1 Qc7 25. Qf2 Neg4 26. Qf3 Re6 27. h3 Ne5 28. Qf2 Ned7 29. Qf4 Re5 30. g4 h6 31. Nd4 Qc8 32. Nb5 Qe8 33. Bc6 Rxe3 34. Bxd7 Qe7 35. Rd6 Nh7 36. Bc6 Ng5 37. Qf6+ Qxf6 38. Rdxf6 Rxh3 39. Nd6 Rg3+ 40. Kh2 Rxg4 41. Bd5 h5 42. Bxf7 Rh4+ 43. Kg2 Rg4+ 1/2-1/2

[Event "Austrian Bundesliga 2023-24"]
[Site "Austria"]
[Date "2024.03.24"]
[Round "11.24"]
[White "Ferk, Martin"]
[Black "Rogic, Davor"]
[Result "0-1"]
[ECO "D52"]
[WhiteElo "1912"]
[BlackElo "2418"]
[Annotator "TA"]
[PlyCount "68"]
[EventDate "2023.10.21"]
[EventType "team-tourn"]
[EventCountry "AUT"]
[SourceTitle "playchess.com"]
[Source "ChessBase"]
[SourceQuality "1"]
[TimeControl "40/5400+30:1800+30"]

1. d4 d5 2. c4 e6 3. Nc3 Nf6 4. Bg5 c6 5. e3 Nbd7 6. Nf3 Qa5 7. Qc2 Ne4 8. Bh4 Bb4 9. Rc1 (9. a3 $11) 9... Qxa2 $15 {[%emt 0:01:34] Black is more active.} 10. cxd5 exd5 11. Bd3 Nxc3 (11... f5 {keeps more tension.} 12. Ng5 Bxc3+ 13. bxc3 Qxc2 14. Rxc2 Nf8) 12. bxc3 Qxc2 13. Rxc2 Bd6 14. O-O O-O 15. Nd2 Re8 ({Black should play} 15... b5 $17 16. e4 Nb6) 16. c4 dxc4 17. Nxc4 Bc7 18. e4 (18. Ra1 $11 {remains equal.}) 18... Nb6 19. Ne3 {[%emt 0:03:19] [#]} (19. Bg3 $1 $15 Bxg3 20. fxg3) 19... Bd8 $1 $36 {[%emt 0:02:36][%mdl 2048] Black is in control.} 20. Bg3 Be6 21. f4 {[%emt 0:03:43] [#]} f5 $1 22. e5 (22. Nxf5 Bxf5) 22... g6 23. Rb1 Re7 24. Bf2 Nd5 25. Nxd5 Bxd5 ({But not} 25... cxd5 $6 26. Bh4 Rf7 27. Bxd8 Rxd8 28. Ra1 $11) 26. Bh4 Rd7 27. Bxd8 Raxd8 28. Rcb2 (28. Bc4 $17 {was worth a try.}) 28... b6 (28... b5 $19 {White must now prevent ...a5.} 29. Ra1 Bf7) 29. Rc1 {[%emt 0:00:46] [#]} (29. Ra1 $1 $15) 29... Rc7 (29... b5 $1 $19 {And now ...a5 would win.} 30. Ra1 Bf7) 30. Bc4 (30. Kf2 $15) 30... Kf7 31. Kf2 Ke7 32. Bxd5 (32. Bd3 $142) 32... Rxd5 33. Ke3 c5 ({Black should try} 33... Kd7 34. h3 Ra5) 34. dxc5 Rdxc5 {[%emt 0:00:11] Weighted Error Value: White=0.26 (precise) /Black=0.24 (precise) .  Mistake:       	White=7     	Black=4      Inaccurate:     	White=4     	Black=2      OK:         	White=5     	Black=5      Best:        	White=3     	Black=1      Strong:       	---       	Black=1} 0-1

[Event "Austrian Bundesliga 2023-24"]
[Site "Austria"]
[Date "2024.03.24"]
[Round "11.25"]
[White "Markus, Robert"]
[Black "Janzelj, Tim"]
[Result "1-0"]
[ECO "D10"]
[WhiteElo "2595"]
[BlackElo "2403"]
[Annotator "TA"]
[PlyCount "77"]
[EventDate "2023.10.21"]
[EventType "team-tourn"]
[EventCountry "AUT"]
[SourceTitle "playchess.com"]
[Source "ChessBase"]
[SourceQuality "1"]
[TimeControl "40/5400+30:1800+30"]

1. d4 d5 2. c4 c6 3. Nc3 Nf6 4. e3 Bf5 5. cxd5 cxd5 6. Qb3 Nc6 7. Qxb7 Bd7 {[%emt 0:00:06] [#] aiming for ...Rb8.} 8. Qb3 Rb8 {[%emt 0:00:35] The position is equal.} 9. Qd1 e5 10. Nge2 Bd6 11. dxe5 Bxe5 12. g3 Bf5 13. Bg2 Nb4 14. O-O {[%emt 0:00:34] Threatening a3.} Nc2 {[%emt 0:07:23] A mistake that costs the game.} (14... O-O $11) 15. e4 $1 $18 Nxa1 (15... Nxe4 $142 16. Qxc2 Nxc3 17. Qxf5 Nxe2+ 18. Kh1 Qf6 19. Qxf6 gxf6) 16. exf5 O-O {[%emt 0:03:46] [#]} 17. Bf4 $1 (17. Bxd5 Nxd5 18. Nxd5 Nc2 $16) 17... Bxf4 18. Nxf4 d4 19. Ncd5 (19. Qxa1 dxc3 20. bxc3 Qc8 $17) 19... Nxd5 20. Bxd5 (20. Nxd5 Rb5 $18) 20... Rb5 21. Bc4 ({Worse is} 21. Qxa1 Rxd5 22. Nxd5 Qxd5 $15) 21... Rxb2 22. Qxa1 Rd2 (22... Rb4 {is a better defense.}) 23. Qe1 Rc2 24. Bb3 Rc5 25. Qb4 Rxf5 {[%emt 0:06:35] Black is weak on the light squares} 26. Rd1 Re5 27. Rxd4 ({Much less strong is} 27. Qxd4 $6 Re1+ 28. Kg2 Rxd1 29. Qxd1 Qxd1 30. Bxd1 Re8 $16) 27... Qf6 28. Kg2 Rd8 29. h4 Qc6+ 30. Kh2 Qe8 31. Rc4 Re7 32. Qc3 Qb5 {[%emt 0:00:49] Inhibits Nh5.} (32... Kh8 $142 33. Rc5 Qf8) 33. Nh3 {[%emt 0:04:34] Strongly threatening Rc5.} Qb6 (33... h6 $142 34. Nf4 Kh8) 34. Rg4 {[%emt 0:00:43] White is clearly winning.} Qh6 35. Ng5 {[%emt 0:00:44] Black must now prevent Rf4.} Rf8 36. Qc5 (36. Rf4 $142 {Qc5 is the strong threat.} Qh5 37. Qb4) 36... Qb6 37. Qf5 ({Weaker is} 37. Qxe7 Qxf2+ 38. Kh3 Qf1+ 39. Kh2 Qf2+ 40. Kh3 Qf1+ 41. Kh2 Qf2+ $11) 37... Qg6 38. Qxg6 hxg6 39. Rf4 {[%emt 0:00:08] Weighted Error Value: White=0.58/Black=0.51.  Mistake:       	---       	Black=5      Inaccurate:     	White=2     	Black=4      OK:         	White=12    	Black=11     Best:        	White=2     	Black=1      Strong:       	White=2     	---} 1-0

[Event "Austrian Bundesliga 2023-24"]
[Site "Austria"]
[Date "2024.03.24"]
[Round "11.26"]
[White "Sebenik, Matej"]
[Black "Horvath, Dominik"]
[Result "1/2-1/2"]
[ECO "D70"]
[WhiteElo "2522"]
[BlackElo "2534"]
[Annotator "RC"]
[PlyCount "116"]
[EventDate "2023.10.21"]
[EventType "team-tourn"]
[EventCountry "AUT"]
[SourceTitle "playchess.com"]
[Source "ChessBase"]
[SourceQuality "1"]
[TimeControl "40/5400+30:1800+30"]

1. d4 Nf6 2. c4 g6 3. Nf3 Bg7 4. g3 c6 5. Bg2 d5 6. cxd5 cxd5 7. Ne5 O-O 8. Nc3 Nc6 9. O-O Bf5 10. Bf4 Nh5 11. Nxc6 bxc6 12. Be3 c5 13. Nxd5 e6 14. Nf4 cxd4 15. Nxh5 gxh5 16. Bxa8 Qxa8 17. Bd2 Bh3 18. f3 Bxf1 19. Qxf1 Qd5 20. b3 h4 21. Rc1 hxg3 22. hxg3 h5 23. Rc4 Rd8 24. Kg2 Qf5 25. Qc1 Rd5 26. Rc8+ Kh7 27. Qc4 h4 28. g4 Qg6 29. Qd3 Re5 30. Kf2 f5 31. g5 h3 32. Bf4 Qh5 33. Rc7 Rd5 34. Kg1 Qh4 35. Qd2 e5 36. Bh2 d3 37. exd3 f4 38. Qe2 Qxg5+ 39. Kh1 Qg6 40. Qf1 Qf5 41. Rxa7 Rxd3 42. Rf7 Qg6 43. Qxh3+ Kg8 44. Rd7 Rxd7 45. Qxd7 Qb1+ 46. Bg1 Qxa2 47. Qd8+ Bf8 48. Qd5+ Kh7 49. Qe4+ Kg8 50. Qg6+ Bg7 51. Qe6+ Kh7 52. Qd5 Bf8 53. Qe4+ Kg8 54. b4 Qb3 55. Bc5 Bxc5 56. bxc5 Qd1+ 57. Kg2 Qd2+ 58. Kh3 Qd7+ 1/2-1/2

[Event "Austrian Bundesliga 2023-24"]
[Site "Austria"]
[Date "2024.03.24"]
[Round "11.27"]
[White "Samunenkov, Ihor"]
[Black "Schreiner, Peter"]
[Result "1/2-1/2"]
[ECO "D85"]
[WhiteElo "2544"]
[BlackElo "2400"]
[Annotator "RC"]
[PlyCount "62"]
[EventDate "2023.10.21"]
[EventType "team-tourn"]
[EventCountry "AUT"]
[SourceTitle "playchess.com"]
[Source "ChessBase"]
[SourceQuality "1"]
[TimeControl "40/5400+30:1800+30"]

1. d4 Nf6 2. c4 g6 3. Nc3 d5 4. cxd5 Nxd5 5. Bd2 Bg7 6. e4 Nxc3 7. Bxc3 O-O 8. Qd2 c5 9. d5 e6 10. Bc4 Bxc3 11. bxc3 exd5 12. Bxd5 Nd7 13. Nf3 Nf6 14. O-O Re8 15. Rfe1 Bg4 16. c4 Bxf3 17. gxf3 Nh5 18. e5 Kg7 19. Kh1 Rc8 20. Rad1 Rc7 21. a4 b6 22. Qc3 Qg5 23. Re4 f5 24. Rg1 Qe7 25. e6+ Qf6 26. Re5 Ree7 27. Qe3 Kh8 28. Rg5 Rg7 29. f4 h6 30. Rg1 Rge7 31. Qh3 Kh7 1/2-1/2